 Dungeon Crawl Stone Soup version 0.30-a0-141-g30f27751c5 (webtiles) character file.

Game seed: 12198325099503909806

175 qw the Chopper (level 5, -1/32 HPs)
             Began as a Gargoyle Fighter on Sept 25, 2022.
             Killed from afar by Ijyb (10 damage)
             ... with a puff of flame
             ... on level 3 of the Dungeon.
             The game lasted 00:01:10 (2991 turns).

qw the Chopper (Gargoyle Fighter)                   Turns: 2991, Time: 00:01:11

Health: -1/32      AC: 10    Str: 22    XL:     5   Next: 55%
Magic:  5/5        EV:  9    Int:  8    God:
Gold:   107        SH:  4    Dex:  9    Spells: 4/4 levels left

rFire   . . .      SeeInvis .    Y - +0 war axe
rCold   . . .      Faith    .    c - +0 buckler
rNeg    + . .      Spirit   .    b - +0 scale mail
rPois   inf        Reflect  .    (no helmet)
rElec   +          Harm     .    (no cloak)
rCorr   .          Rampage  .    (no gloves)
Will    .....                    (no boots)
Stlth   ..........               (no amulet)
HPRegen 0.10/turn                (no ring)
MPRegen 0.09/turn                (no ring)

@: no status effects
A: sickness immunity, AC +4, negative energy resistance 1, electricity
resistance, torment resistance 1, petrification resistance
a: no special abilities


You were on level 3 of the Dungeon.
You visited 1 branch of the dungeon, and saw 3 of its levels.

You collected 107 gold pieces.


Innate Abilities, Weirdness & Mutations

You are immune to sickness and miasma.
Your stone body is resilient. (AC +4)
You are immune to poison.
You resist negative energy. (rN+)
You are resistant to electric shocks. (rElec)
You are resistant to unholy torment.
You are immune to petrification.


   Skills:
 + Level 3.5 Fighting
 - Level 5.0 Axes
 - Level 3.2 Armour
 - Level 3.2 Shields


You had 4 spell levels left.
You didn't know any spells.
Your spell library was empty.

Inventory:

Hand Weapons
 f - a +0 whip
 Y - a +0 war axe (weapon)
Armour
 b - a +0 scale mail (worn)
 c - a +0 buckler (worn)
Scrolls
 a - a scroll of teleportation {unknown}
Potions
 d - a potion of might
 e - a potion of mutation {unknown}
 g - a potion of curing {unknown}
 h - a potion of flight {unknown}
 j - a potion of degeneration {unknown}
 n - a potion of invisibility {unknown}

Dungeon Overview and Level Annotations

Branches:
Dungeon (3/15)

Altars:
Nemelex Xobeh
Vehumet

Annotations:
D:3 Ijyb


Message History

You kill the rat!
You start resting.
HP restored.
Ijyb the Twisted Goblin comes into view.
She is wielding a +0 club and carrying a wand of flame (17).
Ijyb shouts!
There is a stone staircase leading up here.
Ijyb hits you but does no damage.
You completely miss Ijyb. Ijyb hits you with a +0 club.
You barely miss Ijyb.
Ijyb zaps a wand.
The puff of flame hits you!
Ijyb zaps a wand.
The puff of flame hits you.
You closely miss Ijyb.
Ijyb screams, "Die!"
Ijyb hits you with a +0 club.
You barely miss Ijyb. Ijyb hits you with a +0 club.
You closely miss Ijyb. Ijyb hits you with a +0 club. x2
You barely miss Ijyb. Ijyb hits you with a +0 club.
You hit Ijyb but do no damage. Ijyb closely misses you.
You hit Ijyb.
Ijyb is lightly wounded.
You block Ijyb's attack.
You closely miss Ijyb.
Ijyb is lightly wounded.
Ijyb hits you but does no damage.
Ijyb zaps a wand.
The puff of flame hits you.
You closely miss Ijyb.
Ijyb is lightly wounded.
Ijyb hits you but does no damage.
You closely miss Ijyb.
Ijyb is lightly wounded.
Ijyb zaps a wand.
The puff of flame hits you but does no damage.
You closely miss Ijyb.
Ijyb is lightly wounded.
Ijyb zaps a wand.
The puff of flame hits you!
You die...

#..##.#..##
#.~.8.~..#
#..##.#..#
#........#
#........#######
##....##.#
................
##.#....#
........#####+##
##'##.###
...#...## #...###
###...#.#
...#...#
+.}...###...}.'.#
##.....#
#.........%...###
.........
#.g@.<....###
..........
###.....###
.##..##....
##.}.## ....##
#..# #.....#
#..## #....>....
............
.}...###...}.
...## ##... #.#
#'##


You could see Ijyb.

Vanquished Creatures
  An orc wizard (D:3)
  Terence (D:2)
  5 adders
  A dart slug (D:2)
  2 orcs (D:3)
  5 endoplasms
  A giant cockroach (D:3)
  7 hobgoblins
  9 jackals
  7 kobolds
  4 quokkas
  9 ball pythons
  9 bats
  5 frilled lizards
  4 goblins
  8 rats
78 creatures vanquished.

Notes
Turn   | Place    | Note
-------+----------+-------------------------------------------
     0 | D:1      | qw the Gargoyle Fighter began the quest for the Orb.
     0 | D:1      | Reached XP level 1. HP: 14/14 MP: 1/1
     0 | D:1      | 0 ||| qw: Version: 0.2-a-9-g4872b50
     0 | D:1      | 0 ||| qw: Game counter: 78
     0 | D:1      | 0 ||| qw: Always use a shield: true
     0 | D:1      | 0 ||| qw: God list: Okawaru
     0 | D:1      | 0 ||| qw: Allow faded altars: false
     0 | D:1      | 0 ||| qw: Do Orc after D:15 true
     0 | D:1      | 0 ||| qw: Do second Lair branch before Depths: true
     0 | D:1      | 0 ||| qw: Lair rune preference: random
     0 | D:1      | 0 ||| qw: Plans: Normal, Zot:1-4, God:TSO, Crypt, Tomb,
                  | Pan, Slime:5, Hells, Abyss, Orb
     0 | D:1      | 0 ||| PLANNING D:1-11
   160 | D:1      | 160 ||| Stepping ~*~*~tactically~*~*~ (stealth).
   163 | D:1      | Reached skill level 2 in Axes
   203 | D:1      | Found a faded altar of an unknown god.
   219 | D:1      | Reached XP level 2. HP: 17/19 MP: 2/2
   498 | D:1      | 498 ||| Stepping ~*~*~tactically~*~*~ (stealth).
   499 | D:1      | 499 ||| Stepping ~*~*~tactically~*~*~ (stealth).
   500 | D:1      | 500 ||| Stepping ~*~*~tactically~*~*~ (stealth).
   504 | D:1      | Reached skill level 3 in Axes
   510 | D:1      | Reached XP level 3. HP: 13/23 MP: 3/3
   722 | D:1      | 722 ||| Stepping ~*~*~tactically~*~*~ (stealth).
   723 | D:1      | 723 ||| Stepping ~*~*~tactically~*~*~ (stealth).
   966 | D:1      | 966 ||| Stepping ~*~*~tactically~*~*~ (stealth).
  1125 | D:1      | 1125 ||| DROPPING ring of wizardry.
  1126 | D:1      | 1126 ||| READING scroll labelled HAATEI DOEBA.
  1127 | D:1      | 1127 ||| READING scroll labelled PAPSEI ZYDAN.
  1128 | D:1      | 1128 ||| READING scroll labelled BESOXTASTO.
  1229 | D:1      | 1229 ||| READING scroll labelled KUPPAFABUN.
  1230 | D:1      | 1230 ||| READING scroll labelled JENEST HUOS.
  1231 | D:1      | 1231 ||| DRINKING 2 smoky red potions.
  1232 | D:1      | 1232 ||| DROPPING potion of brilliance.
  1305 | D:2      | 1305 ||| FLEEEEING.
  1413 | D:2      | Reached XP level 4. HP: 7/28 MP: 4/4
  1643 | D:2      | 1643 ||| DROPPING +0 club.
  1839 | D:2      | 1839 ||| Stepping ~*~*~tactically~*~*~ (stealth).
  1845 | D:2      | Reached skill level 4 in Axes
  1896 | D:2      | 1896 ||| Stepping ~*~*~tactically~*~*~ (stealth).
  1905 | D:2      | 1905 ||| FLEEEEING.
  1955 | D:2      | Noticed Terence
  1963 | D:2      | Killed Terence
  1964 | D:2      | Reached XP level 5. HP: 23/32 MP: 5/5
  2028 | D:2      | 2028 ||| Stepping ~*~*~tactically~*~*~ (stealth).
  2476 | D:2      | 2476 ||| READING scroll labelled MEIXZE QOJYT.
  2535 | D:2      | 2535 ||| READING scroll labelled FYASHE VASSA.
  2536 | D:2      | 2536 ||| READING scroll labelled ZOMUIT UWIME.
  2610 | D:3      | 2610 ||| Stepping ~*~*~tactically~*~*~ (hiding).
  2622 | D:3      | Reached skill level 5 in Axes
  2638 | D:3      | Found a sparkling altar of Nemelex Xobeh.
  2790 | D:3      | 2790 ||| Stepping ~*~*~tactically~*~*~ (stealth).
  2812 | D:3      | 2812 ||| Stepping ~*~*~tactically~*~*~ (stealth).
  2813 | D:3      | 2813 ||| Stepping ~*~*~tactically~*~*~ (stealth).
  2877 | D:3      | Found a radiant altar of Vehumet.
  2881 | D:3      | 2881 ||| Stepping ~*~*~tactically~*~*~ (stealth).
  2976 | D:3      | Noticed Ijyb
  2988 | D:3      | HP: 8/32 [Ijyb/puff of flame (3)]
  2991 | D:3      | Killed from afar by Ijyb

Levels and vault maps discovered:
D:1:      lightli_arrival_maybe_door_vault, layout_basic,
          nicolae_ecumenical_snake_handling, minmay_pentomino_o4
D:2:      minmay_skewed_foursquare, layout_basic, kennysheep_cross_room,
          uniq_terence
D:3:      layout_loops_cross, mainiacjoe_overflow_catwalk,
          mainiacjoe_overflow_alcove_2, trog_antimagical, grunt_ministairs_13,
          palyth_stone_intersect, uniq_ijyb

Skill      XL: |  1  2  3  4  5 |
---------------+----------------+-----
Axes           | 2 3 4 5 |  5.0
Fighting       | |  3.5
Armour         | |  3.2
Shields        | |  3.2

Action                   |  1- 3 |  4- 6 || total
-------------------------+-------+-------++-------
Melee: War axe           |   117 |   110 ||   227
  Use: Scroll            |     5 |     3 ||     8
       Potion            |     1 |       ||     1
Armor: Scale mail        |    71 |    54 ||   125
Dodge: Dodged            |    58 |    45 ||   103
Block: Buckler           |    24 |    22 ||    46

Table legend:
 A = Non-vault XP
 B = Vault XP
 C = Vault XP percentage of total XP
 D = Non-vault monster count
 E = Vault monster count
 F = Vault count percentage of total count
                 A         B        C        D         E       F
            +---------+---------+-------+---------+---------+-------
      Total |     173 |      78 |  31.1 |      64 |      14 |  17.9
            +---------+---------+-------+---------+---------+-------
        D:1 |      48 |       4 |   7.7 |      33 |       2 |   5.7
        D:2 |      61 |      71 |  53.8 |      21 |      10 |  32.3
        D:3 |      64 |       3 |   4.5 |      10 |       2 |  16.7
            +---------+---------+-------+---------+---------+-------
